 Dungeon Crawl Stone Soup version 0.23-a0-151-gf6d1ed2 (webtiles) character file.

236412 Amnesiac the Gelid (level 19, -9/123 HPs)
             Began as a Mummy Ice Elementalist on Sept 8, 2018.
             Was the Champion of Vehumet.
             Killed from afar by a lindwurm (49 damage)
             ... with a blast of flame
             ... called by a spriggan druid
             ... on level 4 of the Swamp.
             The game lasted 01:58:04 (46660 turns).

Amnesiac the Gelid (Mummy Ice Elementalist)        Turns: 46660, Time: 01:58:04

Health: -9/123     AC: 28    Str: 28    XL:     19   Next: 27%
Magic:  1/40       EV: 10    Int: 21    God:    Vehumet [******]
Gold:   3603       SH:  7    Dex: 13    Spells: 8/52 levels left

rFire    x x .     SeeInvis .   a - staff of conjuration
rCold    + + .     Gourm    .   l - +2 buckler {AC+3}
rNeg     + + +     Faith    .   h - +6 chain mail "Pizihakh" {rF+ rN+ Str+9 Stlth-}
rPois    ∞         Spirit   .   n - +1 helmet of Activism {MR+}
rElec    +         Reflect  .   c - +2 cloak {MR+}
rCorr    .         Harm     .   L - +2 pair of gloves {Str+3}
MR       ++++.                  r - +2 pair of boots
Stlth    ..........             q - amulet of Qiached {Acrobat rElec rC- Str+4}
HPRegen  0.30/turn              w - ring of ice
MPRegen  0.27/turn              i - ring of ice

@: very slightly contaminated
A: no food or potions, fire vulnerability, cold resistance 1, negative energy
resistance 3, torment resistance, unbreathing, in touch with death 1
a: Renounce Religion


You were on level 4 of the Swamp.
You worshipped Vehumet.
Vehumet was exalted by your worship.
You were not hungry.

You visited 6 branches of the dungeon, and saw 31 of its levels.
You also visited: Labyrinth, Ice Cave and Desolation.

You collected 4619 gold pieces.
You spent 1016 gold pieces at shops.

Inventory:

Hand Weapons
 b - the +9 spear of Untruth {pierce, rElec rF+ rC+ Dex+5}
   (You took it off a deep elf death mage on level 3 of the Elven Halls)

   It inflicts extra damage upon your enemies.
   It affects your dexterity (+5).
   It protects you from fire.
   It protects you from cold.
   It insulates you from electricity.
 G - a +0 falchion
Armour
 c - a +2 cloak of magic resistance (worn)
 h - the +6 chain mail "Pizihakh" (worn) {rF+ rN+ Str+9 Stlth-}
   (You found it in the Desolation of Salt)

   It affects your strength (+9).
   It protects you from fire.
   It protects you from negative energy.
   It makes you less stealthy.
 l - a +2 buckler of protection (worn)
 n - the +1 helmet of Activism (worn) {MR+}
   (You found it on level 3 of the Elven Halls)

   It affects your resistance to hostile enchantments.
 r - a +2 pair of boots (worn)
 y - the +5 scale mail "Hipt" {rN+ Int+4}
   (You took it off a deep elf master archer on level 3 of the Elven Halls)

   It affects your intelligence (+4).
   It protects you from negative energy.
 L - a +2 pair of gloves of strength (worn)
Magical Staves
 a - an uncursed staff of conjuration (weapon)
Jewellery
 i - a ring of ice (right hand)
 q - the amulet of Qiached (around neck) {Acrobat rElec rC- Str+4}
   (You found it in the Desolation of Salt)

   [amulet of the acrobat]

   It helps you evade while moving and waiting.
   It affects your strength (+4).
   It makes you vulnerable to cold.
   It insulates you from electricity.
 t - the ring "Dafyef" {*Tele *Corrode Int+5 SInv}
   (You found it in a labyrinth)

   [ring of teleportation]

   It may teleport you next to monsters.
   It affects your intelligence (+5).
   It lets you see invisible.
   It may corrode you when you take damage.
 u - an uncursed ring of fire
 w - a ring of ice (left hand)
 x - an uncursed ring of resist corrosion
 B - an uncursed ring of fire
 F - the ring "Nosu Ceygg" {rF+ AC+2}
   (You took it off a deep elf elementalist on level 3 of the Elven Halls)

   [ring of protection]

   It affects your AC (+2).
   It protects you from fire.
 K - the ring "Qiunorat" {+Fly Int+4}
   (You took it off a servant of whispers in the Desolation of Salt)

   [ring of flight]

   It affects your intelligence (+4).
   It lets you fly.
Wands
 g - a wand of digging (45)
 p - a wand of paralysis (40)
 s - a wand of iceblast (4)
 E - a wand of enslavement (39)
 J - a wand of disintegration (9)
Scrolls
 d - 4 scrolls of remove curse {!r}
 e - a scroll of vulnerability {!r}
 f - 9 scrolls of fear {!r}
 j - 3 scrolls of fog {!r}
 m - 23 scrolls of teleportation {!r}
 o - 5 scrolls of magic mapping {!r}
 z - 5 scrolls of amnesia {!r}
 A - 2 scrolls of silence {!r}
 C - a scroll of torment {!r}
 I - 12 scrolls of identify {!r}
 M - a scroll of blinking {!r}
Miscellaneous
 v - a phial of floods
 D - a lamp of fire
 H - 2 boxes of beasts
 O - 3 phantom mirrors


   Skills:
 - Level 4.0 Fighting
 - Level 4.0 Dodging
 - Level 1.5 Stealth
 - Level 4.0 Shields
 - Level 17.0 Spellcasting
 - Level 17.0 Conjurations
 - Level 5.0 Necromancy
 - Level 1.0 Translocations
 * Level 8.0 Fire Magic
 - Level 17.0 Ice Magic
 - Level 5.0 Evocations


You had 8 spell levels left.
You knew the following spells:

 Your Spells              Type           Power        Failure   Level  Hunger
a - Bolt of Cold          Conj/Ice       ########..   1%          6    N/A
b - Ozocubu's Refrigerat  Ice            ########..   1%          6    N/A
c - Summon Ice Beast      Ice/Summ       #######.     6%          4    N/A
d - Orb of Destruction    Conj           #######...   4%          7    N/A
e - Mephitic Cloud        Conj/Pois/Air  ######..     1%          3    N/A
g - Bolt of Draining      Conj/Necr      #######...   1%          5    N/A
h - Freeze                Ice            ####         0%          1    N/A
s - Conjure Flame         Conj/Fire      #######.     1%          3    N/A
v - Blink                 Tloc           N/A          21%         2    N/A
w - Freezing Cloud        Conj/Ice/Air   ########..   9%          6    N/A
z - Confusing Touch       Hex            ###...       21%         1    N/A

Your spell library contained the following spells:

 Spells                   Type           Power        Failure   Level  Hunger
 Lehudib's Crystal Spear  Conj/Erth      ######....   100%        8    N/A
 Fire Storm               Conj/Fire      #######...   100%        9    N/A
 Tornado                  Air            ###.......   100%        9    N/A
 Magic Dart               Conj           ####         0%          1    N/A
 Shock                    Conj/Air       ####         1%          1    N/A
 Sting                    Conj/Pois      ####         1%          1    N/A
 Ensorcelled Hibernation  Hex/Ice        ######       1%          2    N/A
 Throw Frost              Conj/Ice       ######       1%          2    N/A
 Dazzling Spray           Conj/Hex       ######       1%          3    N/A
 Ozocubu's Armour         Chrm/Ice       #######.     1%          3    N/A
 Static Discharge         Conj/Air       ######..     1%          3    N/A
 Stone Arrow              Conj/Erth      ######       1%          3    N/A
 Throw Icicle             Conj/Ice       ########     1%          4    N/A
 Animate Skeleton         Necr           N/A          2%          1    N/A
 Inner Flame              Hex/Fire       ####....     3%          3    N/A
 Corpse Rot               Necr           N/A          4%          2    N/A
 Lightning Bolt           Conj/Air       ######....   4%          5    N/A
 Venom Bolt               Conj/Pois      ######....   4%          5    N/A
 Apportation              Tloc           ###...       14%         1    N/A
 Metabolic Englaciation   Hex/Ice        #######...   17%         5    N/A
 Corona                   Hex            ###....      21%         1    N/A
 Infusion                 Chrm           ###.         21%         1    N/A
 Summon Small Mammal      Summ           ###.         21%         1    N/A
 Conjure Ball Lightning   Conj/Air       ######....   24%         6    N/A
 Shroud of Golubria       Chrm/Tloc      ###.......   26%         2    N/A
 Animate Dead             Necr           N/A          26%         4    N/A
 Call Imp                 Summ           ###.....     30%         2    N/A
 Poisonous Vapours        Pois/Air       ###...       30%         2    N/A
 Slow                     Hex            ###.....     30%         2    N/A
 Song of Slaying          Chrm           ###.....     30%         2    N/A
 Sticks to Snakes         Tmut           ###.....     30%         2    N/A
 Swiftness                Chrm/Air       ###.....     30%         2    N/A
 Simulacrum               Ice/Necr       ########..   34%         6    N/A
 Gell's Gravitas          Tloc           ###.......   38%         3    N/A
 Portal Projectile        Hex/Tloc       ###...       45%         3    N/A
 Recall                   Summ/Tloc      N/A          45%         3    N/A
 Airstrike                Air            ###.......   45%         4    N/A
 Olgreb's Toxic Radiance  Pois           ###.....     45%         4    N/A
 Confuse                  Hex            ###.....     52%         3    N/A
 Spectral Weapon          Hex/Chrm       ###.....     52%         3    N/A
 Tukima's Dance           Hex            ###.....     52%         3    N/A
 Agony                    Necr           ######..     58%         5    N/A
 Dispel Undead            Necr           ######..     58%         5    N/A
 Yara's Violent Unravell  Hex/Tmut       ###.......   78%         5    N/A
 Cause Fear               Hex            ###.......   90%         4    N/A
 Leda's Liquefaction      Hex/Erth       ###.......   90%         4    N/A
 Petrify                  Tmut/Erth      ###.....     90%         4    N/A
 Summon Lightning Spire   Summ/Air       ###.....     90%         4    N/A
 Borgnjor's Vile Clutch   Necr/Erth      #####.....   90%         5    N/A
 Excruciating Wounds      Chrm/Necr      #####.....   90%         5    N/A
 Aura of Abjuration       Summ           ###.......   99%         5    N/A
 Silence                  Hex/Air        ###.......   99%         5    N/A
 Summon Demon             Summ           ###.......   99%         5    N/A
 Summon Forest            Summ/Tloc      ###.......   99%         5    N/A
 Summon Mana Viper        Hex/Summ       ###.....     99%         5    N/A
 Death Channel            Necr           ######....   99%         6    N/A
 Deflect Missiles         Chrm/Air       ###.......   100%        6    N/A
 Shadow Creatures         Summ           N/A          100%        6    N/A
 Summon Hydra             Summ           ###.......   100%        7    N/A
 Discord                  Hex            ###.......   100%        8    N/A
 Sublimation of Blood     Necr           Unusable     N/A         2    N/A
 Ice Form                 Ice/Tmut       Unusable     N/A         4    N/A
 Beastly Appendage        Tmut           Unusable     N/A         1    N/A
 Regeneration             Chrm/Necr      Unusable     N/A         3    N/A
 Spider Form              Tmut/Pois      Unusable     N/A         3    N/A
 Blade Hands              Tmut           Unusable     N/A         5    N/A
 Hydra Form               Tmut           Unusable     N/A         6    N/A
 Statue Form              Tmut/Erth      Unusable     N/A         6    N/A

Dungeon Overview and Level Annotations

Branches:
Dungeon (15/15)            Temple (1/1) D:6            Lair (6/6) D:11
  Swamp (4/4) Lair:2        Snake (0/4) Lair:2        Slime (0/5) Lair:5
    Orc (2/2) D:9             Elf (3/3) Orc:2        Vaults (0/5) D:13
 Depths (0/5) D:15

Altars:
Ashenzari
Cheibriados
Dithmenos
Elyvilon
Fedhas
Gozag
Hepliaklqana
Kikubaaqudgha
Makhleb
Nemelex Xobeh
Okawaru
Qazlal
Ru
Sif Muna
Trog
Uskayaw
Vehumet
Wu Jian
Xom
Yredelemnul
Zin
The Shining One
Beogh

Shops:
D:6 ??   D:11 :   Orc:2 (:%(   Elf:2 [   Elf:3 [[

Portals:
Trove: D:13 (give horn of Geryon)


Innate Abilities, Weirdness & Mutations

You do not eat or drink.
Your flesh is vulnerable to fire.
You are immune to poison.
Your flesh is cold resistant. (rC+)
You are immune to negative energy. (rN+++)
You are immune to unholy pain and torment.
You can survive without breathing.
You are in touch with the powers of death.


Message History

The six-headed hydra bites you but does no damage.
The swamp dragon barely misses you.
The swamp dragon claws you but does no damage.
The swamp dragon barely misses you. The swamp dragon bites you.
The swamp dragon claws you but does no damage.
The swamp dragon barely misses you.
The swamp dragon bites you but does no damage.
The swamp dragon claws you but does no damage.
The swamp dragon tramples you but does no damage.
Branches wave dangerously above you. x2
The swamp dragon bites you but does no damage.
You block the swamp dragon's attack. The swamp dragon barely misses you.
The six-headed hydra bites you but does no damage.
The six-headed hydra completely misses you.
The six-headed hydra bites you. The six-headed hydra misses you.
The six-headed hydra completely misses you.
The six-headed hydra bites you.
The swamp dragon bites you but does no damage.
The swamp dragon closely misses you. The swamp dragon misses you.
Branches wave dangerously above you.
The swamp dragon completely misses you. x3; The six-headed hydra bites you.
The six-headed hydra closely misses you.
The six-headed hydra bites you but does no damage.
The six-headed hydra completely misses you.
The six-headed hydra bites you!
* * * LOW HITPOINT WARNING * * *
The six-headed hydra barely misses you.
The forest calms down.
You enter the shallow water.
Moving in this stuff is going to be slow.
The six-headed hydra completely misses you. x3
The six-headed hydra bites you but does no damage.
The six-headed hydra completely misses you. x2
The swamp dragon bites you!
* * * LOW HITPOINT WARNING * * *
The swamp dragon completely misses you. x2
Casting: Blink (safe; 21% risk of failure)
Confirm with . or Enter, or press ? or * to list all spells.
You miscast Blink.
You spin around.
The six-headed hydra bites you.
* * * LOW HITPOINT WARNING * * *
The six-headed hydra bites you but does no damage.
The six-headed hydra bites you.
* * * LOW HITPOINT WARNING * * *
You block the six-headed hydra's attack.
The six-headed hydra bites you but does no damage.
You block the six-headed hydra's attack.
The six-headed hydra closely misses you.
The six-headed hydra bites you but does no damage.
You block the six-headed hydra's attack.
The six-headed hydra bites you but does no damage.
The six-headed hydra closely misses you.
The six-headed hydra bites you but does no damage.
The swamp dragon bites you!
* * * LOW HITPOINT WARNING * * *
The swamp dragon completely misses you.
The swamp dragon tramples you but does no damage.
Okay, then.
Really read
M - 2 scrolls of blinking {!r}?
Blink to where?
Press: ? - help, Dir - move target cursor, p - swamp dragon
As you read the scroll of blinking {!r}, it crumbles to dust.
The lindwurm breathes flames at you. The blast of flame hits you!
The fire burns you terribly!
You die...

≈≈≈≈≈≈≈♣ ♣♣.≈≈.♣♣..≈≈≈.♣
.÷≈≈≈†.♣ ♣≈≈≈≈≈§≈.≈≈≈.♣♣
..≈≈≈D§♣♣♣♣≈≈≈≈≈...≈[≈♣♣
..§≈§§♣i.§..♣...≈≈≈..♣♣
≈....♣♣.≈≈≈.≈♣♣♣♣≈≈≈.§♣
≈≈≈.. ♣≈≈≈≈≈♣♣♣♣♣.≈♣♣♣♣
≈≈≈.♣≈[.≈≈≈≈≈♣♣.≈≈♣♣..♣♣
≈≈≈.≈♣♣♣≈≈≈≈.♣♣§ki≈♣DD§♣
D≈.≈ ♣.≈≈≈♣♣♣≈@kDDD.♣♣
.?≈ ♣♣≈♣♣♣ ♣♣≈≈≈.D♣♣ ♣♣♣
♣≈≈≈≈≈♣ ♣§≈≈≈.♣♣
.....♣♣♣ ≈≈≈..♣♣ ..≈..♣
♣♣♣♣≈♣♣ ♣♣


You could see 2 six-headed hydras, 4 swamp dragons, a lindwurm, a spriggan druid
and a swamp drake.

Vanquished Creatures
  Saint Roka (Elf:3)
  Rupert (Lair:5)
  Asterion (Elf:2)
  3 deep elf blademasters
  2 deep elf master archers (Elf:3)
  The ghost of Byucvearph the Severer, an adept DrBe of Trog (Swamp:1)
  Agnes (Elf:1)
  Kirke (Swamp:1)
  A sphinx (D:14)
  A frost giant (D:9)
  3 deep elf sorcerers
  Louise (Elf:1)
  2 orc warlords
  2 imperial myrmidons (Desolation)
  The ghost of Enoap the Martial Artist, a journeyman DsTm of Okawaru (Swamp:2)
  5 deep elf elementalists (Elf:3)
  A reaper (IceCv)
  The ghost of Geitow the Nimble, a journeyman HaHu of Dithmenos (D:14)
  Nessos (D:14)
  4 deep elf demonologists
  Azrael (Elf:2)
  2 halazid warlocks (Desolation)
  9 deep elf annihilators (Elf:3)
  A minotaur (Lab)
  9 deep elf death magi
  3 crystal guardians (Desolation)
  Snorg (D:14)
  A fire dragon (D:14)
  5 ragged hierophants (Desolation)
  4 vault guards (D:13)
  19 hydras
  2 deep elf high priests (Elf:3)
  8 peacekeepers (Desolation)
  3 ice dragons
  The ghost of Tovarisch the Geomancer, a journeyman OpEE of Vehumet (D:10)
  9 servants of whispers
  2 ghost crabs (Swamp:3)
  3 catoblepae
  5 alligators
  3 centaur warriors
  3 shambling mangroves
  An anaconda (shapeshifter) (Elf:3)
  27 dancing weapons
  A death knight (D:14)
  4 two-headed ogres
  5 orc high priests
  14 deep elf knights
  4 skeletal warriors
  5 swamp dragons
  3 spriggan druids
  A deep troll (D:10)
  4 lindwurms
  4 unseen horrors
  A spectral hydra (Swamp:1)
  An obsidian statue (D:14)
  A lindwurm (shapeshifter) (D:14)
  5 deep elf archers
  An ironbrand convoker (Desolation)
  3 necromancers
  A wizard (D:15)
  An orc knight (D:15)
  4 large abominations (Elf:1)
  16 ugly things
  4 manticores
  11 oklob plants
  A wolf spider (Lair:6)
  4 orc sorcerers
  51 deep elf magi
  A cyclops (D:11)
  2 ice statues (IceCv)
  5 elephants
  A black mamba (shapeshifter) (Elf:2)
  10 black mambas
  A gargoyle (D:13)
  5 guardian serpents
  17 spiny frogs
  An eye of devastation (shapeshifter) (D:13)
  5 torpor snails (Lair:6)
  8 komodo dragons
  A freezing wraith (D:14)
  4 rime drakes
  2 kobold demonologists
  A redback zombie (D:14)
  7 ice devils (IceCv)
  10 trolls
  13 tyrant leeches
  A polar bear (Lair:6)
  A merfolk (D:9)
  19 hornets
  Grinder (D:4)
  46 saltlings
  6 blink frogs
  23 slime creatures
  11 bog bodies
  A meliai zombie (D:14)
  12 hippogriffs
  43 yaks
  5 shadows
  2 water elementals
  3 wraiths
  2 spriggans
  3 air elementals
  2 vampires
  3 hogs (Swamp:1)
  3 redbacks (Lair:6)
  4 basilisks
  A human (Swamp:1)
  12 wyverns
  3 fire elementals
  A hungry ghost (D:13)
  6 vampire mosquitoes
  Menkaure (D:6)
  13 swamp worms
  3 acid dragons
  A soldier ant (D:12)
  18 water moccasins
  10 wargs
  A hydra simulacrum (Swamp:1)
  6 insubstantial wisps
  2 hell hounds (Elf:2)
  7 porcupines
  2 black bears
  8 ice beasts
  35 orc warriors
  4 phantoms
  8 swamp drakes
  A necrophage (D:6)
  A sky beast (D:13)
  13 ogres
  A boggart (D:10)
  14 centaurs
  12 crocodiles
  6 big kobolds
  Blork the orc (D:6)
  An elf zombie (Elf:1)
  16 bullfrogs
  2 wyvern zombies
  2 earth elementals (Elf:3)
  A wyvern skeleton (D:13)
  A water moccasin skeleton (D:9)
  A scorpion (D:13)
  10 killer bees (D:12)
  3 wights (D:11)
  3 howler monkeys
  10 crimson imps
  3 bullfrog zombies
  3 centaur zombies
  7 hounds
  36 orc priests
  9 centaur skeletons
  9 jellies
  31 orc wizards
  Crazy Yiuf (D:7)
  3 bullfrog skeletons
  5 iguanas
  10 worker ants
  8 hell rats
  A hound zombie (D:6)
  2 hound skeletons
  2 worker ant zombies
  4 gnolls (D:3)
  A howler monkey skeleton (D:5)
  11 adders
  6 river rats
  5 shadow imps
  8 white imps (IceCv)
  8 ufetubi (IceCv)
  An ooze (D:1)
  An adder skeleton (D:7)
  3 worms
  4 dart slugs
  10 leopard geckos
  95 orcs
  2 giant cockroaches
  6 goblins
  12 hobgoblins
  12 jackals
  37 kobolds
  6 quokkas
  A ball python skeleton (D:4)
  5 bats
  7 frilled lizards
  A quokka skeleton (D:4)
  7 rats
  A spectral orc (D:8)
  A bush (Elf:3)
  5 fungi
  2 plants
1224 creatures vanquished.

Vanquished Creatures (collateral kills)
  A death knight (D:15)
  A shadow (Lair:2)
2 creatures vanquished.

Vanquished Creatures (others)
  A centaur (D:6)
  A white imp (IceCv)
  4 ufetubi (IceCv)
  A bush (Lair:5)
  6 fungi
  23 plants
  13 toadstools (Lair:3)
49 creatures vanquished.

Grand Total: 1275 creatures vanquished

Notes
Turn   | Place    | Note
-------+----------+-------------------------------------------
     0 | D:1      | Amnesiac the Mummy Ice Elementalist began the quest for the
                  | Orb.
     0 | D:1      | Reached XP level 1. HP: 13/13 MP: 4/4
    34 | D:1      | Reached XP level 2. HP: 12/19 MP: 0/5
   490 | D:4      | Noticed an ogre
   502 | D:4      | Killed an ogre
   502 | D:4      | Reached XP level 3. HP: 24/24 MP: 5/7
   502 | D:4      | Reached XP level 4. HP: 30/30 MP: 5/8
   507 | D:4      | Learned a level 3 spell: Ozocubu's Armour
   516 | D:4      | Learned a level 4 spell: Throw Icicle
   893 | D:5      | Entered Level 5 of the Dungeon
   901 | D:5      | Found a shadowy altar of Dithmenos.
   911 | D:5      | Got a pair of brightly glowing boots
   917 | D:5      | Identified the +1 pair of boots of the Duchess {*Slow rPois
                  | rN++ Int-5} (You found it on level 5 of the Dungeon)
   963 | D:6      | Noticed a centaur
   989 | D:5      | Reached XP level 5. HP: 35/35 MP: 7/9
  1019 | D:5      | Noticed an ice beast
  1023 | D:5      | Killed an ice beast
  1079 | D:4      | Reached XP level 6. HP: 38/41 MP: 1/10
  1160 | D:4      | Noticed Grinder
  1160 | D:4      | Paralysed by Grinder for 4 turns
  1166 | D:4      | Killed Grinder
  1166 | D:4      | Reached skill level 1 in Conjurations
  1280 | D:4      | Reached XP level 7. HP: 39/46 MP: 5/11
  2243 | D:4      | Got a crude ring mail
  2448 | D:4      | Identified the +2 ring mail "Oqeaghow" {rC+ Regen+ Str+2}
                  | (You found it on level 4 of the Dungeon)
  2645 | D:5      | Learned a level 4 spell: Summon Ice Beast
  3001 | D:6      | Reached XP level 8. HP: 37/52 MP: 7/12
  3101 | D:6      | Found a staircase to the Ecumenical Temple.
  3121 | Temple   | Entered the Ecumenical Temple
  3152 | Temple   | Became a worshipper of Vehumet
  3739 | D:2      | Found a shattered altar of Ashenzari.
  3914 | D:2      | Found a burning altar of Makhleb.
  4321 | D:3      | Reached * piety under Vehumet
  4321 | D:3      | Offered knowledge of Shock by Vehumet.
  4587 | D:3      | Reached skill level 5 in Evocations
  4592 | D:3      | Learned a level 1 spell: Confusing Touch
  4642 | D:3      | Offered knowledge of Flame Tongue by Vehumet.
  5183 | D:6      | Found Waofuo's Magic Scroll Shoppe.
  5190 | D:6      | Bought a scroll of fear for 42 gold pieces
  5190 | D:6      | Bought a scroll of summoning for 114 gold pieces
  5235 | D:6      | Found a sparkling altar of Nemelex Xobeh.
  5267 | D:6      | Noticed Menkaure
  5275 | D:6      | Killed Menkaure
  5275 | D:6      | Reached ** piety under Vehumet
  5287 | D:6      | Learned a level 2 spell: Blink
  5406 | D:6      | Found Paiwn's Magic Scroll Shop.
  5427 | D:6      | Bought a scroll of random uselessness for 10 gold pieces
  5484 | D:6      | Reached skill level 5 in Conjurations
  5484 | D:6      | Reached skill level 5 in Ice Magic
  5484 | D:6      | Reached XP level 9. HP: 49/57 MP: 16/16
  5505 | D:6      | Reached skill level 5 in Spellcasting
  5602 | D:6      | Noticed Blork the orc
  5613 | D:6      | Killed Blork the orc
  5654 | D:6      | Found Puuvvat's Weapon Emporium.
  5799 | D:6      | You fall through a shaft!
  6154 | D:7      | Found a glowing golden altar of the Shining One.
  6276 | D:7      | Offered knowledge of Static Discharge by Vehumet.
  6280 | D:7      | Found a white marble altar of Elyvilon.
  6637 | D:7      | Reached *** piety under Vehumet
  6667 | D:7      | Found a runed door.
  6777 | D:7      | Noticed Crazy Yiuf
  6780 | D:7      | Killed Crazy Yiuf
  7196 | D:8      | Killed an unseen horror
  7196 | D:8      | Reached XP level 10. HP: 23/63 MP: 0/19
  7334 | D:8      | Offered knowledge of Iskenderun's Mystic Blast by Vehumet.
  7344 | D:8      | Found an opulent altar of Gozag.
  7364 | D:8      | Learned a level 3 spell: Conjure Flame
  7368 | D:8      | Learned a level 3 spell: Mephitic Cloud
  7447 | D:8      | Found a deep blue altar of Sif Muna.
  7772 | D:8      | Found a basalt altar of Yredelemnul.
  7929 | D:9      | Reached **** piety under Vehumet
  7955 | D:9      | Found a staircase to the Orcish Mines.
  7955 | D:9      | Noticed a two-headed ogre
  7962 | D:9      | Offered knowledge of Stone Arrow by Vehumet.
  7975 | D:9      | Killed a two-headed ogre
  8198 | D:9      | Found a bloodstained altar of Trog.
  8776 | D:9      | Found an iron altar of Okawaru.
  8776 | D:9      | Found a stormy altar of Qazlal.
  8784 | D:9      | Noticed a frost giant
  8786 | D:9      | Found a transporter.
  8792 | D:9      | Found a transporter.
  9094 | D:9      | Killed a frost giant
  9094 | D:9      | Reached XP level 11. HP: 24/68 MP: 5/23
  9232 | Orc:1    | Entered Level 1 of the Orcish Mines
  9232 | Orc:1    | Noticed an orc warlord
  9232 | Orc:1    | Noticed an orc sorcerer
  9368 | D:10     | Entered Level 10 of the Dungeon
  9606 | D:10     | Noticed a catoblepas
 10249 | D:10     | Killed a catoblepas
 10598 | D:10     | Found a large runed door.
 10600 | D:10     | Found a large runed door.
 10640 | D:10     | Found a runed door.
 10646 | D:10     | Noticed Tovarisch's ghost (journeyman OpEE)
 10953 | D:10     | Killed an unseen horror
 10961 | D:10     | Noticed a necromancer
 10961 | D:10     | Noticed a deep troll
 10967 | D:10     | Killed a deep troll
 10977 | D:10     | Killed a necromancer
 10977 | D:10     | Reached ***** piety under Vehumet
 11052 | D:10     | Found an ornate altar of the Wu Jian Council.
 11055 | D:10     | Found a hazy altar of Hepliaklqana.
 11099 | D:11     | Found Zoyxia's Book Shop.
 11156 | D:11     | Offered knowledge of Lightning Bolt by Vehumet.
 11209 | D:11     | Found a snail-covered altar of Cheibriados.
 11287 | D:11     | Found a labyrinth entrance.
 11329 | Lab      | Entered a labyrinth
 11773 | Lab      | Noticed a minotaur
 11777 | Lab      | HP: 1/68 [minotaur/dagger of venom (26)]
 11851 | Lab      | Killed a minotaur
 11851 | Lab      | Reached XP level 12. HP: 31/74 MP: 13/25
 11922 | Lab      | Identified Sif Muna's Collected Works on Poisonous Hexes
 11923 | Lab      | Got a heavily runed platinum ring
 11926 | Lab      | Identified the ring "Dafyef" {*Tele *Corrode Int+5 SInv}
                  | (You found it in a labyrinth)
 12067 | D:11     | Reached skill level 10 in Conjurations
 12067 | D:11     | Reached skill level 10 in Ice Magic
 12273 | D:11     | Noticed a five-headed hydra
 12280 | D:11     | Killed a five-headed hydra
 12280 | D:11     | Reached skill level 10 in Spellcasting
 12573 | D:11     | Noticed a two-headed ogre
 12577 | D:11     | Killed a two-headed ogre
 12945 | D:11     | Found a staircase to the Lair.
 13075 | Lair:1   | Entered Level 1 of the Lair of Beasts
 14257 | Lair:2   | Found a staircase to the Snake Pit.
 14281 | Lair:2   | Learned a level 5 spell: Bolt of Draining
 15224 | Lair:2   | Found a staircase to the Swamp.
 15501 | Lair:3   | Found a blossoming altar of Fedhas.
 16200 | Lair:4   | Reached skill level 1 in Necromancy
 16222 | Lair:4   | Noticed an eight-headed hydra
 16371 | Lair:4   | Killed an eight-headed hydra
 16500 | Lair:4   | Gained mutation: You are in touch with the powers of death.
                  | [Mummy growth]
 16500 | Lair:4   | Reached XP level 13. HP: 79/79 MP: 10/27
 16845 | Lair:4   | Offered knowledge of Ozocubu's Refrigeration by Vehumet.
 16883 | Lair:4   | Learned a level 6 spell: Ozocubu's Refrigeration
 17391 | Lair:5   | Noticed Rupert
 17403 | Lair:6   | Entered Level 6 of the Lair of Beasts
 17580 | Lair:6   | Reached skill level 1 in Fighting
 18546 | Lair:6   | Found a runed door.
 19143 | Lair:6   | Reached XP level 14. HP: 94/94 MP: 12/29
 19677 | Lair:5   | Killed Rupert
 19946 | Lair:5   | Found a staircase to the Slime Pits.
 21502 | Orc:1    | Reached skill level 5 in Necromancy
 21520 | Orc:1    | Killed an orc warlord
 21979 | Orc:2    | Entered Level 2 of the Orcish Mines
 21982 | Orc:2    | Found a frozen archway.
 21988 | Orc:2    | Noticed an orc warlord
 21989 | Orc:2    | Offered knowledge of Poison Arrow by Vehumet.
 22000 | Orc:2    | Killed an orc warlord
 22079 | IceCv    | Entered an ice cave
 22426 | IceCv    | Got a pair of distressingly furry gloves
 22488 | IceCv    | Identified the +0 pair of gloves of Exeecif {Dex+4} (You
                  | found it in an ice cave)
 22532 | IceCv    | Noticed a reaper
 22562 | IceCv    | Killed a reaper
 23482 | Orc:2    | Found Zyuwoch's Weapon Shop.
 23482 | Orc:2    | Found Tibriet's Food Boutique.
 23485 | Orc:2    | Found Pulil's Book Shop.
 23485 | Orc:2    | Found Kavul's Weapon Boutique.
 23661 | Orc:2    | Found a staircase to the Elven Halls.
 23828 | Orc:2    | Reached ****** piety under Vehumet
 24007 | Orc:1    | Offered knowledge of Bolt of Cold by Vehumet.
 24016 | Orc:1    | Learned a level 6 spell: Bolt of Cold
 24625 | Elf:1    | Entered Level 1 of the Elven Halls
 24701 | Elf:1    | Reached XP level 15. HP: 87/100 MP: 19/32
 24870 | Elf:1    | Noticed Agnes
 24875 | Elf:1    | Killed Agnes
 24983 | Elf:1    | Found a ruined gateway.
 25062 | Desolati | Entered the Desolation of Salt
 25199 | Desolati | Noticed an imperial myrmidon
 25216 | Desolati | Killed an imperial myrmidon
 25466 | Desolati | HP: 5/100 [crystal guardian/crystal bolt (9)]
 25697 | Desolati | Got a sparkling steel ring
 25704 | Desolati | Offered knowledge of Bolt of Fire by Vehumet.
 25710 | Desolati | Identified the ring of the Cockroach {Wiz rF- MR+ Str+2}
                  | (You found it in the Desolation of Salt)
 25726 | Desolati | Noticed an imperial myrmidon
 25733 | Desolati | Killed an imperial myrmidon
 25999 | Desolati | Got a faintly glowing copper ring
 26005 | Desolati | Got a translucent chain mail
 26009 | Desolati | Got a clouded garnet amulet
 26528 | Desolati | Got a bloodstained ring mail
 26588 | Desolati | Got translucent swamp dragon scales
 26588 | Desolati | Got a bound marble ring
 26759 | Desolati | Identified the Disquisition on Freezing Talismans
 27022 | Desolati | Reached XP level 16. HP: 95/106 MP: 1/34
 27211 | Elf:1    | Offered knowledge of Freezing Cloud by Vehumet.
 27216 | Elf:1    | Identified the Guide on Stolen Souls
 27613 | Elf:1    | Noticed Louise
 27617 | Elf:1    | Killed Louise
 27821 | Elf:2    | Found Qyel's Armour Shop.
 27836 | Elf:2    | Identified the +6 swamp dragon scales of the Slightly Bent
                  | {rElec rPois rF- Regen+ Str+4} (You took it off a servant
                  | of whispers in the Desolation of Salt)
 27846 | Elf:2    | Identified the +6 chain mail "Pizihakh" {rF+ rN+ Str+9
                  | Stlth-} (You found it in the Desolation of Salt)
 27857 | Elf:2    | Identified the +2 ring mail of the Elven Halls {-Cast rPois
                  | rN+} (You found it in the Desolation of Salt)
 27871 | Elf:2    | Identified the ring "Qiunorat" {+Fly Int+4} (You took it
                  | off a servant of whispers in the Desolation of Salt)
 27872 | Elf:2    | Identified the amulet of Qiached {Acrobat rElec rC- Str+4}
                  | (You found it in the Desolation of Salt)
 27873 | Elf:2    | Identified the ring "Ywkafusy" {MR+ EV+1} (You took it off
                  | a servant of whispers in the Desolation of Salt)
 28728 | Elf:2    | Reached skill level 15 in Ice Magic
 28900 | Elf:2    | Found a runed gate.
 28900 | Elf:2    | Found a runed gate.
 28901 | Elf:2    | Found a runed gate.
 29011 | Elf:2    | Bought a +0 buckler of protection for 184 gold pieces
 29021 | Elf:2    | Bought a +0 helmet for 72 gold pieces
 29068 | Elf:2    | Reached skill level 15 in Conjurations
 29198 | Elf:2    | Reached skill level 15 in Spellcasting
 29841 | Elf:2    | Noticed Azrael
 29926 | Elf:2    | Noticed Asterion
 29936 | Elf:2    | Killed Asterion
 30066 | Elf:2    | Killed Azrael
 30287 | Elf:2    | Noticed a deep elf blademaster
 30298 | Elf:2    | Killed a deep elf blademaster
 30298 | Elf:2    | Reached XP level 17. HP: 44/111 MP: 7/36
 31037 | Elf:2    | Learned a level 6 spell: Freezing Cloud
 31091 | Elf:3    | Entered Level 3 of the Elven Halls
 31091 | Elf:3    | Found Yduuqedoov's Armour Shoppe.
 31097 | Elf:3    | Bought a +2 cloak of magic resistance for 387 gold pieces
 31107 | Elf:3    | Bought a +0 pair of gloves of strength for 207 gold pieces
 31181 | Elf:3    | Noticed a deep elf blademaster
 31200 | Elf:3    | Killed a deep elf blademaster
 31213 | Elf:3    | Noticed a deep elf master archer
 31802 | Elf:3    | Noticed a deep elf blademaster
 31812 | Elf:3    | Killed a deep elf blademaster
 32210 | Elf:3    | Offered knowledge of Orb of Destruction by Vehumet.
 32212 | Elf:3    | Got a heavily runed bronze ring
 32224 | Elf:3    | Learned a level 7 spell: Orb of Destruction
 32466 | Elf:3    | Got a warped spear {pierce}
 32473 | Elf:3    | Identified the ring "Nosu Ceygg" {rF+ AC+2} (You took it
                  | off a deep elf elementalist on level 3 of the Elven Halls)
 32520 | Elf:3    | Noticed a deep elf master archer
 32532 | Elf:3    | Killed a deep elf master archer
 33062 | Elf:3    | Noticed Saint Roka
 33067 | Elf:3    | Killed Saint Roka
 33196 | Elf:3    | Identified the +9 spear of Untruth {pierce, rElec rF+ rC+
                  | Dex+5} (You took it off a deep elf death mage on level 3 of
                  | the Elven Halls)
 33565 | Elf:3    | Got a flickering steel ring
 33624 | Elf:3    | Got a serpentine turquoise ring
 33725 | Elf:3    | Got a coiled brass ring
 33801 | Elf:3    | Identified the Papyrus of the Mutagenic Birds
 33839 | Elf:3    | Got a translucent shortbow
 33845 | Elf:3    | Identified the +3 shortbow "Luheigie" {freeze, Fragile
                  | rElec Dex+3} (You found it on level 3 of the Elven Halls)
 33876 | Elf:3    | Found Cogi's Armour Shoppe.
 34257 | Elf:3    | Killed a deep elf master archer
 34319 | Elf:3    | Got a heavily runed scale mail
 34368 | Elf:3    | Identified the +5 scale mail "Hipt" {rN+ Int+4} (You took
                  | it off a deep elf master archer on level 3 of the Elven
                  | Halls)
 34440 | Elf:3    | Identified the ring "Wuniro" {Wiz rC- rN+++} (You took it
                  | off a deep elf high priest on level 3 of the Elven Halls)
 34443 | Elf:3    | Identified the ring of Ruarch {rPois rN+} (You took it off
                  | a deep elf annihilator on level 3 of the Elven Halls)
 34451 | Elf:3    | Identified the ring of Eseugav {+Inv AC+3 Str+2} (You took
                  | it off a deep elf demonologist on level 3 of the Elven
                  | Halls)
 34552 | Elf:3    | Got a jewelled helmet
 34563 | Elf:3    | Identified the +1 helmet of Activism {MR+} (You found it on
                  | level 3 of the Elven Halls)
 34601 | Elf:3    | Identified the Volume of Shape Shifting
 35442 | D:12     | Found a runed door.
 35789 | D:12     | Reached XP level 18. HP: 118/118 MP: 27/38
 36085 | D:12     | Offered knowledge of Lehudib's Crystal Spear by Vehumet.
 36085 | D:12     | Offered knowledge of Fire Storm by Vehumet.
 36085 | D:12     | Offered knowledge of Tornado by Vehumet.
 36344 | D:12     | Found a roughly hewn altar of Beogh.
 36463 | D:13     | Found a portal to a secret trove of treasure.
 36658 | D:13     | Found a gate to the Vaults.
 36704 | D:13     | Reached skill level 1 in Translocations
 37932 | D:14     | Noticed Nessos
 38014 | D:14     | Killed Nessos
 38061 | D:14     | Found a runed gate.
 38061 | D:14     | Found a runed gate.
 38061 | D:14     | Found an opulent altar of Gozag.
 38062 | D:14     | Found a runed gate.
 38062 | D:14     | Noticed Geitow's ghost (journeyman HaHu)
 38627 | D:14     | Noticed Snorg
 38633 | D:14     | Killed Snorg
 39159 | D:14     | Killed Geitow's ghost
 39487 | D:10     | Killed Tovarisch's ghost
 39605 | D:15     | Entered Level 15 of the Dungeon
 39605 | D:15     | Found a deep blue altar of Sif Muna.
 41292 | D:15     | Found a staircase to the Depths.
 41997 | Swamp:1  | Entered Level 1 of the Swamp
 42199 | Swamp:1  | Reached skill level 1 in Fire Magic
 42357 | Swamp:1  | Noticed Kirke
 42375 | Swamp:1  | Killed Kirke
 43072 | Swamp:1  | Found a transporter.
 43075 | Swamp:1  | Noticed Byucvearph's ghost (adept DrBe)
 43076 | Swamp:1  | Found a transporter.
 43465 | Swamp:1  | Killed Byucvearph's ghost
 44047 | Swamp:2  | Found a runed gate.
 44047 | Swamp:2  | Found a runed gate.
 44047 | Swamp:2  | Found a runed gate.
 44049 | Swamp:2  | Noticed Enoap's ghost (journeyman DsTm)
 44160 | Swamp:2  | Reached skill level 5 in Fire Magic
 44169 | Swamp:2  | Killed Enoap's ghost
 44733 | Swamp:3  | Reached XP level 19. HP: 123/123 MP: 21/40
 45933 | Swamp:4  | Entered Level 4 of the Swamp
 46660 | Swamp:4  | Killed from afar by a lindwurm

Vault maps used:
D:1:      mushboom_english_gardens
D:2:      evilmike_ruin_ashenzari, lightli_temple_of_fire, first_ration
D:3:      bh_chokoban, minmay_vboxes
D:4:      uniq_grinder
D:5:      nicolae_dithmenos_the_darkroom, serial_park_tiny_pond
D:6:      lemuel_round_altar, minmay_temple_entry_enclosed_plants, serial_shops,
          shop, nicolae_shop_stone, shop, uniq_blork_the_orc, uniq_menkaure
D:7:      elyvilon_altar_3, basic_altar, uniq_crazy_yiuf_cottage
D:8:      yredelemnul_forgotten_temple_becter, led_sif_pool, basic_altar
D:9:      bloody_trog, gammafunk_temple_overflow_arena, erik_orc_3,
          hangedman_fish_farm
D:10:     gammafunk_ghost_grave, columned_hall_lemuel, jmf_multi_god_temple2
D:11:     minmay_the_grid_octo_tiled_squarecenter, serial_shops,
          nicolae_shop_competitors_out_of_business, lab_entry_generic,
          kennysheep_doodads
D:12:     lightli_church_of_beogh
D:13:     lightli_vaults_fourway_checkpoint, enter_trove_1,
          minmay_unpleasant_kobolds
D:14:     nzn_motion_control, ebering_ghost_gozag,
          hangedman_abyss_or_decor_passed, uniq_snorg, uniq_nessos
D:15:     grunt_enter_depths_hoard, basic_altar, nicolae_twisting_strands
Temple:   nicolae_temple_x_marks_the_god
Lair:1:   wad_woods_pond
Lair:2:   minmay_swamp_entry_worms, dummy_snake_entry, st_stairs_12,
          serial_bayou_pond_a, beast_lair_carwin_2
Lair:3:   tgw_fedhas, infiniplex_staircase_pool_2, lemuel_fruit_tree
Lair:4:   serial_bayou_pond_e, kennysheep_rathole
Lair:5:   minmay_slime_entry_oklob_open, minmay_lair_oklob_chamber, uniq_rupert
Lair:6:   wormcave, hangedman_lair_tendril_chambers, st_stairs_9,
          grunt_megastairs_3
Swamp:1:  gammafunk_ghost_mausoleum, nicolae_swamp_very_dense_foliage,
          swamp_pool1, infiniplex_staircase_pool, uniq_kirke
Swamp:2:  gammafunk_ghost_hydra_chop, serial_swamp_ruin,
          evilmike_swamp_ruin_house_2, evilmike_swamp_ruin_wall,
          evilmike_swamp_ruin_house_4
Swamp:3:  evilmike_swamp_ruin_house_5
Swamp:4:  swamp_alternative
Orc:1:    cheibrodos_orc_guarddog
Orc:2:    st_orc_mages, portal_ice_cave_entry_pillars_1
Elf:1:    portal_desolation_entry_salt, minmay_elf_necromancy, uniq_louise,
          uniq_agnes
Elf:2:    serial_shops, shop, uniq_azrael, uniq_asterion
Elf:3:    grunt_elf_hall_branching, serial_shops, shop, shop,
          lemuel_statue_altar, basic_stair_grate_trap, uniq_saint_roka
Lab:      labyrinth_watery, nicolae_lab_blocks, nicolae_lab_stuck
IceCv:    ice_cave_small_demon

Skill      XL: |  1  2  3  4  5  6  7  8  9 10 11 12 13 14 15 16 17 18 19 |
---------------+----------------------------------------------------------+-----
Ice Magic      | 3 5 6 8 9 10 12 13 14 15 16 17 | 17.0
Spellcasting   | 3 4 6 8 9 10 11 13 14 15 16 17 | 17.0
Evocations     | 2 3 4 5 |  5.0
Shields        | 2 4 |  4.0
Conjurations   | 1 3 5 6 8 9 10 11 13 14 15 16 17 | 17.0
Dodging        | 4 |  4.0
Necromancy     | 3 4 5 |  5.0
Fighting       | 3 4 |  4.0
Translocations | 1 |  1.0
Fire Magic     | 5 8 |  8.0
Stealth        | |  1.5

Action                   |  1- 3 |  4- 6 |  7- 9 | 10-12 | 13-15 | 16-18 | 19-21 || total
-------------------------+-------+-------+-------+-------+-------+-------+-------++-------
Melee: Unarmed           |     8 |       |       |       |       |       |       ||     8
       Mace              |       |    14 |    33 |       |       |       |       ||    47
       Whip              |       |       |   223 |   204 |     9 |       |       ||   436
       Staff             |       |       |       |     1 |    12 |    36 |     3 ||    52
       Spear             |       |       |       |       |       |     9 |    13 ||    22
 Cast: Freeze            |    13 |    24 |   219 |   152 |    22 |     4 |       ||   434
       Throw Icicle      |       |       |    19 |   268 |   217 |    80 |       ||   584
       Mephitic Cloud    |       |       |       |     2 |       |     1 |       ||     3
       Conjure Flame     |       |       |       |     1 |       |     4 |       ||     5
       Blink             |       |       |       |     1 |       |     4 |       ||     5
       Bolt of Draining  |       |       |       |       |   228 |     5 |       ||   233
       Ozocubu's Refrige |       |       |       |       |    24 |     2 |       ||    26
       Bolt of Cold      |       |       |       |       |   129 |   410 |    75 ||   614
       Orb of Destructio |       |       |       |       |       |    87 |    13 ||   100
       Freezing Cloud    |       |       |       |       |       |    11 |       ||    11
       Confusing Touch   |       |       |       |       |       |     1 |       ||     1
Evoke: Wand              |     2 |     6 |     5 |    15 |    14 |    31 |       ||    73
       Sack of spiders   |       |       |       |       |     2 |       |       ||     2
       Lamp of fire      |       |       |       |       |       |     2 |       ||     2
       Phial of floods   |       |       |       |       |       |     2 |       ||     2
  Use: Scroll            |       |       |     8 |    10 |    11 |    14 |     4 ||    47
 Stab: Paralysed         |       |       |     3 |     7 |       |       |       ||    10
       Sleeping          |       |       |     1 |       |       |       |       ||     1
       Confused          |       |       |       |     1 |       |       |       ||     1
Armor: Robe              |       |     4 |     2 |       |       |       |       ||     6
       Ring mail         |       |       |   127 |   105 |    64 |     3 |       ||   299
       Chain mail        |       |       |       |       |       |   232 |    42 ||   274
Dodge: Dodged            |    11 |    20 |   188 |   144 |   192 |   258 |    57 ||   870
Block: Buckler           |       |     4 |   160 |   111 |    60 |    89 |    20 ||   444
       Reflection        |       |       |    11 |     6 |       |       |       ||    17

Table legend:
 A = Non-vault XP
 B = Vault XP
 C = Vault XP percentage of total XP
 D = Non-vault monster count
 E = Vault monster count
 F = Vault count percentage of total count
                 A         B        C        D         E       F
            +---------+---------+-------+---------+---------+-------
      Total |  173743 |  229787 |  56.9 |     760 |     458 |  37.6
            +---------+---------+-------+---------+---------+-------
        D:1 |      40 |       0 |   0.0 |      19 |       0 |   0.0
        D:2 |      64 |       0 |   0.0 |      21 |       0 |   0.0
        D:3 |     196 |      60 |  23.4 |      32 |       5 |  13.5
        D:4 |     491 |     267 |  35.2 |      19 |       1 |   5.0
        D:5 |     626 |       0 |   0.0 |      13 |       0 |   0.0
        D:6 |    1485 |     266 |  15.2 |      27 |       2 |   6.9
        D:7 |     859 |      40 |   4.4 |      25 |       1 |   3.8
        D:8 |    2234 |       1 |   0.0 |      26 |       1 |   3.7
        D:9 |    3371 |    2965 |  46.8 |      32 |      22 |  40.7
       D:10 |    2181 |    4301 |  66.4 |      24 |       7 |  22.6
       D:11 |    5529 |    2677 |  32.6 |      42 |      13 |  23.6
       D:12 |    7148 |    1490 |  17.2 |      36 |       9 |  20.0
       D:13 |    7228 |    4993 |  40.9 |      39 |      17 |  30.4
       D:14 |    7942 |   11562 |  59.3 |      27 |      13 |  32.5
       D:15 |   16434 |    1974 |  10.7 |      47 |       2 |   4.1
     Lair:1 |    1564 |       0 |   0.0 |       8 |       0 |   0.0
     Lair:2 |    5254 |     909 |  14.7 |      23 |       6 |  20.7
     Lair:3 |     310 |     578 |  65.1 |       2 |       2 |  50.0
     Lair:4 |    5865 |     138 |   2.3 |      18 |       9 |  33.3
     Lair:5 |    3950 |   10060 |  71.8 |      20 |      15 |  42.9
     Lair:6 |    7071 |   18590 |  72.4 |      20 |      60 |  75.0
    Swamp:1 |   10785 |    7530 |  41.1 |      27 |      13 |  32.5
    Swamp:2 |    5716 |    4617 |  44.7 |      17 |       4 |  19.0
    Swamp:3 |   11757 |       0 |   0.0 |      36 |       0 |   0.0
    Swamp:4 |    6376 |    9913 |  60.9 |      13 |      14 |  51.9
      Orc:1 |    4033 |     988 |  19.7 |      37 |       6 |  14.0
      Orc:2 |    6251 |    5842 |  48.3 |      31 |      42 |  57.5
      Elf:1 |   12715 |    9747 |  43.4 |      20 |      14 |  41.2
      Elf:2 |   23767 |   30437 |  56.2 |      37 |      37 |  50.0
      Elf:3 |   12501 |   50585 |  80.2 |      22 |      40 |  64.5
        Lab |       0 |    1169 | 100.0 |       0 |       1 | 100.0
      IceCv |       0 |    3770 | 100.0 |       0 |      26 | 100.0
 Desolation |       0 |   44318 | 100.0 |       0 |      76 | 100.0
            +---------+---------+-------+---------+---------+-------
